 Dungeon Crawl Stone Soup version 0.32-a0-975-g85d4e5bfdb (webtiles) character file.

Game seed: 17907520086602254947

157 kae the Changeling (level 5, -2/37 HPs)
             Began as a Demonspawn Shapeshifter on Apr 18, 2024.
             Slain by a lemure (7 damage)
             ... led by Pikel
             ... on level 3 of the Dungeon.
             The game lasted 00:02:09 (2829 turns).

kae the Changeling (Demonspawn Shapeshifter)        Turns: 2829, Time: 00:02:09

Health: -2/37      AC:  2    Str: 14    XL:     5   Next: 15%
Magic:  5/5        EV: 11    Int: 11    God:
Gold:   150        SH:  5    Dex: 16    Spells: 4/4 levels left

rFire   . .          .
                       - Unarmed
rCold   . . .        (no shield)
rNeg    . . .        a - +0 animal skin
rPois   .            (helmet currently unavailable)
rElec   .            (cloak currently unavailable)
rCorr   .            (gloves currently unavailable)
SInv    .            (boots currently unavailable)
Will    .....        h - amulet of reflection
Stlth   +++          (no ring)
HPRegen 0.26/turn    (no ring)
MPRegen 0.09/turn

%: reflection
@: beast-form, hasted, wreathed by umbra, very quick
A: beast (slay +2), thin skeletal structure 1, demonic magic 1, foul shadow 1
a: Begin Untransformation


You were on level 3 of the Dungeon.
You were a hulking beast.
You visited 1 branch of the dungeon, and saw 4 of its levels.

You collected 150 gold pieces.


Innate Abilities, Weirdness & Mutations

You are a hulking beast.
Your limbs bulge with bestial killing power. (Slay +2)
You have a somewhat thin skeletal structure. (Dex +2, Stealth+)
Spells you cast may paralyse adjacent enemies.
You are faintly shadowed, very rarely releasing foul flame when damaged in melee.


   Skills:
 - Level 1.0 Fighting
 - Level 1.7 Dodging
 + Level 3.8 Unarmed Combat
 * Level 4.3 Shapeshifting


You had 4 spell levels left.
You didn't know any spells.
Your spell library was empty.

Inventory:

Missiles
 f - 37 stones (quivered)
 g - 6 poisoned darts
Armour
 a - a +0 animal skin (worn)
Jewellery
 h - an amulet of reflection (around neck)
   (You found it on level 1 of the Dungeon)
Talismans
 c - a beast talisman (active)
 d - a flux talisman
Potions
 b - 2 potions of lignification {!q}
 i - a potion of degeneration {unknown}
 j - 2 potions of curing {@q1}
 m - a potion of attraction {!q}

Dungeon Overview and Level Annotations

Branches:
Dungeon (4/15) Zot: 21183
 Temple: D:4-7

Altars:
Fedhas

Annotations:
D:4 Pikel

....# #.## ####...# ....# #..###
#....... ....# ####...## #.###.÷.
....# #.......###########.# #...
##### #..........##.[.....# #...
########>............#########...
...........÷.................'...
##############....############...
#..h5##.........'...
#....##.#########...
#....##.##......#...
###########....##.##"####.#.#'
#..............##.##.#<.#.#.#.
#.########.##'###.##.#.##.#.#)
#.# #.##.# #.##.#....#.#. #.#
#.##.# #.##.######.## #.# #.##.#
#.##......#.#


You could see a lemure.


Message History

f - 30 stones (gained 8)
Things that are here:
a +0 hand axe; a +0 leather armour; an orc corpse
l - a scroll of identify {@r1} 😎 HP[+6]
Your hp is fully restored (37).
There is an escape hatch in the floor here.
f - 37 stones (gained 7)
There is an open door here.
There is an open door here.
Done exploring.
Done exploring.
Done exploring.
No target in view!
No target in view!
Done exploring.
Done exploring.
There is an open door here.
Items here: )))) [[[[ ÷÷÷.
There is a stone staircase leading down here.
You climb downwards.
Found a stone staircase leading down.
There is a stone staircase leading up here.
As you read the scroll labelled ROERYSTRYCOA, it crumbles to dust.
It is a scroll of enchant weapon.
You aren't carrying any weapons that can be enchanted.
As you read the scroll of identify {@r1}, it crumbles to dust.
j - 2 potions of curing Pikel, Merchant of Souls comes into view.
He is wielding a +1 whip of flaming.
Unknown command.
There is a stone staircase leading up here.
Okay, then.
Okay, then.
You climb upwards.
There is a stone staircase leading down here.
Items here: )))) [[[[ ÷÷÷.
You open the door.
There is an open door here.
You see here a +0 scale mail.
There is a stone staircase leading down here.
You climb downwards.
Level annotation: Pikel
There is a stone staircase leading up here.
Okay, then.
Pikel and 3 lemures come into view.
Pikel is wielding a +1 whip of flaming.
Pikel shouts!
The lemure shouts! x2
A lemure comes into view.
Unknown command.
Unknown command.
Pikel says, "You'll make a fine lemure."
There is a stone staircase leading up here.
The lemure hits you!
You climb upwards.
There is a stone staircase leading down here. 😕 HP[-7]
You take 7 damage, and now have 30/37 hp.
Unknown command.
You miss the lemure. The lemure barely misses you.
You barely miss the lemure. The lemure hits you. 😮 HP[-3]
You take 3 damage, and now have 27/37 hp.
You hit the lemure. The lemure hits you.
You are too injured to fight recklessly! 😮 HP[-5]
You take 5 damage, and now have 22/37 hp.
You closely miss the lemure. The lemure closely misses you. 😮 HP[+1]
You are too injured to fight recklessly!
You are too injured to fight recklessly!
You completely miss the lemure. The lemure hits you!
* * * LOW HITPOINT WARNING * * *
😨 HP[-7]
You take 7 damage, and now have 16/37 hp.
Unknown command.
You closely miss the lemure. You block the lemure's attack.
Unknown command.
You hit the lemure. The lemure hits you.
* * * LOW HITPOINT WARNING * * *
😨 HP[-1]
You take 1 damage, and now have 15/37 hp.
You closely miss the lemure.
The lemure hits you but does no damage. 😨 HP[+1] Unknown command.
You punch the lemure! The lemure barely misses you.
You barely miss the lemure. The lemure hits you but does no damage.
Unknown command.
You barely miss the lemure. The lemure hits you!
* * * LOW HITPOINT WARNING * * *
😱 HP[-9]
You take 9 damage, and now have 7/37 hp.
MASSIVE DAMAGE!! (PAUSE)
You barely miss the lemure. The lemure hits you.
* * * LOW HITPOINT WARNING * * *
😱 HP[-2]
You take 2 damage, and now have 5/37 hp.
You closely miss the lemure. You block the lemure's attack.
Unknown command.
You feel yourself speed up. The lemure hits you!
You die...

Skill      XL: |  1  2  3  4 |
---------------+-------------+-----
Shapeshifting  | 3 4 |  4.3
Unarmed Combat | 3 |  3.8
Fighting       | |  1.0
Dodging        | |  1.7

Action                     |  1- 3 |  4- 6 || total
---------------------------+-------+-------++-------
  Melee: Unarmed           |   140 |    77 ||   217
         Punch             |       |     3 ||     3
    Use: Scroll            |     6 |     2 ||     8
         Potion            |       |     1 ||     1
   Stab: Sleeping          |     8 |     2 ||    10
         Distracted        |     1 |       ||     1
 Armour: Animal skin       |    60 |    41 ||   101
  Dodge: Dodged            |    63 |    45 ||   108
  Block: Other             |       |     4 ||     4

Levels and vault maps discovered:
D:1:      co_arrival_square_in_a_square_in_a_square, layout_loops_ring
D:2:      layout_loops_ring, basic_altar
D:3:      layout_basic, guppyfry_early_orc_mine
D:4:      layout_cave_pools, minmay_temple_entry_mist, uniq_pikel, uniq_menkaure

Notes
Turn   | Place    | Note
-------+----------+-------------------------------------------
     0 | D:1      | kae the Demonspawn Shapeshifter began the quest for the
                  | Orb.
     0 | D:1      | Reached XP level 1. HP: 15/15 MP: 1/1
     0 | D:1      | magus.rc [v1.11.3]
   148 | D:1      | Reached skill level 3 in Shapeshifting
   158 | D:1      | Gained mutation: You have a somewhat thin skeletal
                  | structure. (Dex +2, Stealth+) [demonic ancestry]
   158 | D:1      | Reached XP level 2. HP: 21/21 MP: 2/2
   345 | D:1      | Reached skill level 3 in Unarmed Combat
   782 | D:2      | Found a blossoming altar of Fedhas.
   797 | D:2      | Gained mutation: Spells you cast may paralyse adjacent
                  | enemies. [demonic ancestry]
   797 | D:2      | Reached XP level 3. HP: 17/26 MP: 3/3
   970 | D:2      | Identified the +10 sling "Fajit" {heavy, Str+2}
  1766 | D:3      | Gained mutation: You are faintly shadowed, very rarely
                  | releasing foul flame when damaged in melee. [demonic
                  | ancestry]
  1766 | D:3      | Reached XP level 4. HP: 27/32 MP: 4/4
  1939 | D:3      | Reached skill level 4 in Shapeshifting
  2341 | D:3      | Reached XP level 5. HP: 36/37 MP: 5/5
  2452 | D:3      | HP: 9/37 [orc/+0 morningstar (11)]
  2456 | D:3      | HP: 4/37 [goblin/+0 club (2)]
  2749 | D:4      | Noticed Pikel
  2803 | D:4      | Noticed a lemure
  2803 | D:4      | Noticed a lemure
  2803 | D:4      | Noticed a lemure
  2803 | D:4      | Noticed a lemure
  2826 | D:3      | HP: 7/37 [lemure[Pikel] (9)]
  2829 | D:3      | Slain by a lemure

Vanquished Creatures
  A hound (D:3)
  An iguana (D:3)
  2 adders (D:3)
  2 dart slugs
  A ribbon worm (D:2)
  7 orcs (D:3)
  6 ball pythons
  9 endoplasms
  3 giant cockroaches
  5 goblins
  5 hobgoblins
  7 jackals
  4 kobolds
  4 quokkas
  A bat (D:1)
  3 frilled lizards
  5 rats
66 creatures vanquished.

Table legend:
 A = Non-vault XP
 B = Vault XP
 C = Vault XP percentage of total XP
 D = Non-vault monster count
 E = Vault monster count
 F = Vault count percentage of total count
                 A         B        C        D         E       F
            +---------+---------+-------+---------+---------+-------
      Total |     208 |      17 |   7.6 |      59 |       7 |  10.6
            +---------+---------+-------+---------+---------+-------
        D:1 |      37 |       0 |   0.0 |      24 |       0 |   0.0
        D:2 |      34 |       0 |   0.0 |      16 |       0 |   0.0
        D:3 |     137 |      17 |  11.0 |      19 |       7 |  26.9
            +---------+---------+-------+---------+---------+-------

Skill      XL: |  1  2  3  4 |
---------------+-------------+-----
Shapeshifting  | 3 4 |  4.3
Unarmed Combat | 3 |  3.8
Fighting       | |  1.0
Dodging        | |  1.7

Action                     |  1- 3 |  4- 6 || total
---------------------------+-------+-------++-------
  Melee: Unarmed           |   140 |    77 ||   217
         Punch             |       |     3 ||     3
    Use: Scroll            |     6 |     2 ||     8
         Potion            |       |     1 ||     1
   Stab: Sleeping          |     8 |     2 ||    10
         Distracted        |     1 |       ||     1
 Armour: Animal skin       |    60 |    41 ||   101
  Dodge: Dodged            |    63 |    45 ||   108
  Block: Other             |       |     4 ||     4

Illustrated notes

Table legend:
 A = Kills in this place as a percentage of kills in the entire game.
 B = Kills by you in this place as a percentage of kills by you in the entire game.
 C = Kills by friends in this place as a percentage of kills by friends in the entire game.
 D = Other kills in this place as a percentage of other kills in the entire game.
 E = Experience gained in this place as a percentage of experience gained in the entire game.
 F = Experience gained in this place divided by the number of levels of this place that you have seen.
                   A       B       C       D       E      F
               +-------+-------+-------+-------+-------+----------------------
         Total | 100.0 | 100.0 |   N/A |   N/A | 100.0 |  56.2
       Dungeon | 100.0 | 100.0 |   N/A |   N/A | 100.0 |  56.2
               +-------+-------+-------+-------+-------+----------------------

Table legend: (Time is in decaauts)
 A = Elapsed time spent in this place.
 B = Non-inter-level travel time spent in this place.
 C = Inter-level travel time spent in this place.
 D = Time resting spent in this place.
 E = Time spent auto-exploring this place.
 F = Levels seen in this place.
 G = Mean time per level.
                   A        B        C        D        E       F      G
               +--------+--------+--------+--------+--------+-----+--------+
         Total |   2815 |   2702 |    113 |    234 |   1988 |   4 |  703.8 |
       Dungeon |   2815 |   2702 |    113 |    234 |   1988 |   4 |  703.8 |
               +--------+--------+--------+--------+--------+-----+--------+

Top non-repeatable levels by time:
     D:3: 1148 daAuts
     D:2: 855 daAuts
     D:1: 777 daAuts
     D:4: 33 daAuts
